AoeStats
← a.l.a.n.t

Nomad

503687513Analyzed
2v2 RM · 1mo ago on Sep 1, 2026· 37m 6s· 4 players
Game mode
Random Map
Map size
176×176
Population
200
Speed
Normal
Resources
Standard
Victory
Conquest
Starting age
Dark Age
Ending age
Imperial Age
RankedLock teamsTeams togetherTeam positionsShared explorationLock speedFull tech treeHidden civsTurbo modeCheats
Victory
Defeat
🇳🇴 Armenians · Norway
1196
+16
🇸🇪 Malians · Sweden
1130
+19
🇬🇧 Gurjaras · United Kingdom
1274
-21
🇮🇶 Hindustanis · Iraq
1112
-14
kembokembo
4:40 Loom
13:57 Feudal Age
14:24 Double-Bit Axe
14:34 Fishing Lines
18:56 Castle Age
17:48 Forging
18:29 Scale Mail Armor
20:30 Bow Saw
22:21 Gillnets
22:37 Fletching
22:25 Pikeman
25:33 Bodkin Arrow
26:13 Squires
27:17 Iron Casting
27:36 Wheelbarrow
32:45 Imperial Age
31:13 Horse Collar
31:36 Gold Mining
31:44 Arson
32:32 Heavy Plow
32:40 Town Watch
33:53 Conscription
33:52 Chain Mail Armor
36:10 Plate Mail Armor
36:06 Ballistics
35:52 Elite Gbeto
Jorgen
3:06 Loom
13:34 Feudal Age
20:00 Castle Age
18:28 Double-Bit Axe
18:35 Gold Mining
18:27 Horse Collar
25:06 Fervor
26:23 Scale Mail Armor
26:34 Forging
27:05 Squires
26:50 Arson
29:16 Sanctity
29:09 Redemption
30:10 Sanctity
31:08 Chain Mail Armor
35:28 Iron Casting
a.l.a.n.t
10:35 Loom
14:00 Feudal Age
15:53 Town Watch
19:08 Castle Age
17:48 Double-Bit Axe
20:09 Bow Saw
22:41 Husbandry
24:41 Scale Barding Armor
26:21 Forging
27:12 Horse Collar
30:20 Chain Barding Armor
31:12 Fletching
33:58 Bodkin Arrow
36:21 Ballistics
aryaszahir958
10:31 Loom
15:11 Feudal Age
16:18 Horse Collar
16:25 Double-Bit Axe
22:43 Castle Age
22:06 Gold Mining
22:07 Stone Mining
36:34 Imperial Age
35:35 Gold Shaft Mining
35:54 Wheelbarrow
35:26 Fletching
35:36 Padded Archer Armor
35:00 Elite Skirmisher
38:22 Chemistry
Connection lost

Rejoining the realm…

Still unreachable

The connection could not be restored.

Session expired

The server has moved on; the page needs a fresh start.